 Dungeon Crawl Stone Soup version 0.17-a0-1718-g72dbe4d (webtiles) character file.

119 urechis the Skirmisher (level 4, -3/39 HPs)
             Began as a Demonspawn Abyssal Knight on Aug 24, 2015.
             Was a Priest of Lugonu.
             Slain by a water moccasin zombie (4 damage)
             ... on level 3 of the Dungeon.
             The game lasted 00:03:47 (2103 turns).

urechis the Skirmisher (Demonspawn Abyssal Knight)  Turns: 2103, Time: 00:03:47

Health: -3/39      AC:  4    Str: 12    XL:     4   Next: 73%
Magic:  0/5        EV: 11    Int: 14    God:    Lugonu [***...]
Gold:   92         SH:  0    Dex: 13    Spells: 0 memorised, 3 levels left

rFire  + . .     SeeInvis .     a - +1 falchion
rCold  x . .     Clarity  .     p - +1 leather armour {MR+}
rNeg   . . .     SustAt   .     (no shield)
rPois  .         Gourm    .     (no helmet)
rElec  .         Spirit   +     (no cloak)
rCorr  .         Warding  .     (no gloves)
rMut   .         Stasis   .     (no boots)
MR     +....                    (no amulet)
Stlth  +.........               (no ring)
                                e - ring of fire

@: starving, drained, somewhat resistant to hostile enchantments, very
unstealthy
A: claws 1, magic shield
a: Depart the Abyss, Bend Space, Banish, Renounce Religion


You were on level 3 of the Dungeon.
You worshipped Lugonu.
Lugonu was most pleased with you.
You were starving.

You visited 1 branch of the dungeon, and saw 3 of its levels.
You visited the Abyss 1 time.

You collected 92 gold pieces.

Inventory:

Hand weapons
 a - a +1 falchion (weapon)
 b - a +1 dagger of draining
Missiles
 h - 8 poisoned needles
Armour
 p - a +1 leather armour of magic resistance (worn)
Jewellery
 e - a ring of fire (left claw)
Scrolls
 f - 2 scrolls of remove curse
 g - 2 scrolls of enchant weapon {unknown}
 i - a scroll of fog {unknown}
 m - a scroll of teleportation {unknown}
 n - 3 scrolls of identify {unknown}
Potions
 d - a potion of cancellation
 j - a potion of curing
 k - a potion of heal wounds {unknown}
 l - a potion of lignification {unknown}
 o - 2 potions of brilliance {unknown}
 r - a potion of poison {unknown}
Comestibles
 c - 4 bread rations
 q - a meat ration


   Skills:
 + Level 5.5(5.0) Fighting
 - Level 1.7(1.2) Long Blades
 - Level 1.7(1.2) Armour
 - Level 0.8(0.4) Dodging
 - Level 2.4(1.9) Invocations


You had 3 spell levels left.
You didn't know any spells.

Dungeon Overview and Level Annotations

Branches:
Dungeon (3/15)

Altars:
Makhleb


Innate Abilities, Weirdness & Mutations

You have sharp fingernails.
When hurt, damage is shared between your health and your magic reserves.


Message History

You completely miss the water moccasin zombie.
The water moccasin zombie bites you but does no damage.
You hit the water moccasin zombie but do no damage.
The water moccasin zombie bites you!
* * * LOW HITPOINT WARNING * * *
The water moccasin zombie barely misses you.
The water moccasin zombie bites you but does no damage.
The water moccasin zombie bites you but does no damage.
You see here a rat corpse.
The water moccasin zombie bites you.
* * * LOW HITPOINT WARNING * * *
The water moccasin zombie closely misses you.
The water moccasin zombie bites you but does no damage.
You hit the water moccasin zombie but do no damage.
The water moccasin zombie bites you.
* * * LOW HITPOINT WARNING * * *
The water moccasin zombie misses you.
a - a +1 falchion (weapon)
The water moccasin zombie bites you.
You die...

..####.#............#########.#
..# #.#.#######............#.#
..# #.#.# #..............# ..##
#.#.# #..............### ...#
#.#.# #................. ...#
#.#.# #.............####
...###.#.# #.#########.###
....##.#.# #Z#########.######
.........# #@#..............#
..#..#.### #.#..............#
..##.#.# #.#..............#
####...# #.............####
#####..#########.............#
##...........................#
##.##..##########............#
##.##..##########............#
##.##........................#


You could see a water moccasin zombie.

Vanquished Creatures
  6 adders
  An ooze (D:2)
  A giant gecko (D:3)
  An orc (D:3)
  4 bats
  7 hobgoblins
  9 jackals
  2 quokkas
  6 giant cockroaches
  A giant newt (D:1)
  9 goblins
  5 kobolds
  10 rats
62 creatures vanquished.

Notes
Turn   | Place    | Note
--------------------------------------------------------------
     0 | Abyss:1  | urechis the Demonspawn Abyssal Knight began the quest for the Orb.
     0 | Abyss:1  | Reached XP level 1. HP: 18/18 MP: 2/2
    30 | D:1      | Escaped the Abyss
   240 | D:1      | Gained mutation: When hurt, damage is shared between your health and your magic reserves. [demonic ancestry]
   240 | D:1      | Reached XP level 2. HP: 20/24 MP: 3/3
   527 | D:1      | Acquired Lugonu's second power
   737 | D:1      | Reached skill level 4 in Fighting
   931 | D:2      | Reached XP level 3. HP: 28/30 MP: 4/4
  1059 | D:2      | Found a burning altar of Makhleb.
  1171 | D:2      | Found a faded altar to an unknown god.
  1500 | D:3      | Gained mutation: You have sharp fingernails. [demonic ancestry]
  1500 | D:3      | Reached XP level 4. HP: 16/38 MP: 2/5
  1502 | D:3      | Reached skill level 5 in Fighting
  1693 | D:3      | Acquired Lugonu's third power
  2066 | D:3      | HP: 1/39 [water moccasin zombie (6)]
  2083 | D:3      | HP: 1/39 [water moccasin zombie (2)]
  2097 | D:3      | HP: 1/39 [water moccasin zombie (2)]
  2103 | D:3      | Slain by a water moccasin zombie

Vault maps used:
D:1:      scummos_arrival_checkerplants, minmay_misc_feat_more_columns,
          corexii_corridor_pit
D:2:      ecumenical_altar_2, bloody_makhleb
D:3:      first_bread

Action                   |  1- 3 |  4- 6 || total
-------------------------+-------+-------++-------
Melee: Falchion          |   183 |    34 ||   217
       Dagger            |       |    54 ||    54
  Use: Potion            |     2 |       ||     2
       Scroll            |       |     1 ||     1
 Stab: Sleeping          |     1 |       ||     1
  Eat: Chunk             |     2 |       ||     2
